 Dungeon Crawl Stone Soup version 0.29.1-15-g9cfb28693d (webtiles) character file.

Game seed: 9182393548928792995

248 Descartes the Shield-Bearer (level 6, -11/47 HPs)
             Began as a Formicid Fighter on Apr 15, 2023.
             Killed by divine providence
             ... invoked by an orc priest
              (13 damage)
             ... on level 4 of the Dungeon.
             The game lasted 00:03:02 (2610 turns).

Descartes the Shield-Bearer (Formicid Fighter)      Turns: 2610, Time: 00:03:02

Health: -11/47     AC:  8    Str: 23    XL:     6   Next: 34%
Magic:  6/6        EV:  7    Int:  7    God:
Gold:   320        SH:  0    Dex: 13    Spells: 5/5 levels left

rFire   . . .      SeeInvis +   a - +0 war axe
rCold   . . .      Faith    .   e - +0 tower shield
rNeg    . . .      Spirit   .   n - +0 scale mail
rPois   .          Reflect  .   (helmet unavailable)
rElec   .          Harm     .   (no cloak)
rCorr   .          Rampage  .   (no gloves)
Will    .....                   h - +0 pair of boots
Stlth   ..........              (no amulet)
HPRegen 0.15/turn               (no ring)
MPRegen 0.10/turn               (no ring)

@: confused, mighty, brilliant
A: permanent stasis, dig shafts and tunnels, antennae 3, four strong arms
a: Dig, Shaft Self


You were on level 4 of the Dungeon.
You visited 1 branch of the dungeon, and saw 4 of its levels.

You collected 320 gold pieces.

Inventory:

Hand Weapons
 a - a +0 war axe (weapon)
 b - the +1 shortbow of Gallantry {freeze, rF++ Int+4}
   (You found it on level 2 of the Dungeon)

   Any ammunition fired from it freezes those it strikes, dealing additional
   cold damage.
   It can also slow down cold-blooded creatures.
   Int:       It affects your intelligence (+4).
   rF:        It greatly protects you from fire.
Armour
 e - a +0 tower shield (worn)
 h - a +0 pair of boots (worn)
 n - a +0 scale mail (worn)
Jewellery
 l - an amulet of faith
Wands
 q - a wand of mindburst (5)
 r - a wand of digging (2)
Scrolls
 c - a scroll of brand weapon {unknown}
 f - a scroll of vulnerability {unknown}
 g - a scroll of enchant armour {unknown}
 s - 2 scrolls of enchant weapon {unknown}
 t - a scroll of amnesia {unknown}
 u - a scroll of butterflies {unknown}
 w - a scroll of immolation {unknown}
 x - a scroll of identify {unknown}
Potions
 i - 3 potions of curing {unknown}
 j - 4 potions of brilliance
 k - 2 potions of lignification {unknown}
 m - 2 potions of berserk rage {unknown}
 o - a potion of flight {unknown}
 p - a potion of magic {unknown}
 v - a potion of haste {unknown}


   Skills:
 - Level 3.2 Fighting
 + Level 3.4 Axes
 + Level 4.5 Armour
 + Level 5.7 Shields
 + Level 3.2 Earth Magic


You had 5 spell levels left.
You didn't know any spells.
Your spell library contained the following spells:

 Spells                   Type           Power      Damage    Failure   Level
 Shock                    Conj/Air       0%         1d3       100%        1
 Airstrike                Air            0%         2d(0-16)  100%        4
 Swiftness                Air            Unusable   N/A       N/A         3

Dungeon Overview and Level Annotations

Branches:
Dungeon (4/15)
 Temple: D:4-7

Altars:
Okawaru


Innate Abilities, Weirdness & Mutations

You cannot be hasted, slowed, berserked, paralysed or teleported.
You can dig through walls and to a lower floor.
You have a pair of large antennae on your head. (SInv)
Your four strong arms can wield two-handed weapons with a shield.


Message History

You are too injured to fight recklessly!
Unknown command.
Unknown command.
You are too injured to fight recklessly!
You are too injured to fight recklessly!
The hound barely misses you.
The orc priest calls upon Beogh to heal the orc wizard.
The orc wizard's wounds heal themselves!
The orc wizard hits you but does no damage.
The hound bites you but does no damage.
You slash the hound!
You kill the hound!
You miss the orc wizard. You barely miss the orc priest.
The orc priest hits you with a +0 flail.
The orc wizard casts a spell at you. The puff of flame hits you!
* * * LOW HITPOINT WARNING * * *
The orc wizard mumbles some strange words.
The orc wizard flickers and vanishes for a moment.
The orc wizard hits you but does no damage.
The orc wizard completely misses you. The orc priest barely misses you.
You closely miss the orc priest.
The orc priest is almost dead.
You miss the orc wizard. You slash the orc wizard!
The orc priest hits you with a +0 flail.
* * * LOW HITPOINT WARNING * * *
The orc wizard hits you with a +0 dagger.
* * * LOW HITPOINT WARNING * * *
The orc wizard hits you but does no damage.
You feel very mighty all of a sudden.
The orc priest hits you with a +0 flail.
* * * LOW HITPOINT WARNING * * *
The orc wizard hits you but does no damage.
The orc wizard gestures at you while chanting.
The magic dart hits you but does no damage.
It was a potion of brilliance.
You feel clever all of a sudden.
The orc priest invokes the aid of Beogh against you.
Beogh smites you!
You die...

.......##.............#
.................##....#
....)..#................P
.......#.#.#............._
.......#.#...##.#.##...##P
...#.........##.#..# . #
.......#.#...# ........#
.............######.....
................@oo.....
.....<.#......##ooo.....
...#...#......##.###....
##.#.............. ...
##.##..#..##..##.## .
##.#..............
##.#...#..##.....#
..................
##.#........


You could see an orc priest, 3 orc wizards and an orc.

Vanquished Creatures
  A hound (D:4)
  Natasha (thrice) (D:2)
  An orc wizard (D:4)
  5 adders
  A worm (D:3)
  2 dart slugs
  7 orcs
  6 endoplasms
  3 giant cockroaches
  5 goblins
  5 hobgoblins
  6 kobolds
  3 quokkas
  5 ball pythons
  4 bats
  A frilled lizard (D:2)
  3 rats
  A toadstool (D:3)
62 creatures vanquished.

Vanquished Creatures (others)
  4 fungi (D:3)
  2 toadstools (D:3)
6 creatures vanquished.

Grand Total: 68 creatures vanquished

Notes
Turn   | Place    | Note
-------+----------+-------------------------------------------
     0 | D:1      | Descartes the Formicid Fighter began the quest for the Orb.
     0 | D:1      | Reached XP level 1. HP: 18/18 MP: 1/1
   200 | D:1      | Found a faded altar of an unknown god.
   333 | D:1      | Reached XP level 2. HP: 24/24 MP: 2/2
   586 | D:1      | Reached skill level 1 in Earth Magic
   972 | D:2      | Reached XP level 3. HP: 27/29 MP: 3/3
  1230 | D:2      | Reached XP level 4. HP: 34/35 MP: 4/4
  1235 | D:2      | Noticed Natasha
  1240 | D:2      | Killed Natasha
  1319 | D:2      | Reached skill level 5 in Shields
  1328 | D:2      | Identified the +1 shortbow of Gallantry {freeze, rF++
                  | Int+4}
  1563 | D:2      | Noticed Natasha
  1567 | D:2      | Killed Natasha
  1568 | D:2      | Reached XP level 5. HP: 41/41 MP: 5/5
  1577 | D:2      | Noticed Natasha
  1587 | D:2      | Killed Natasha
  2491 | D:4      | Reached XP level 6. HP: 47/47 MP: 6/6
  2576 | D:4      | Found an iron altar of Okawaru.
  2609 | D:4      | HP: 2/47 [orc priest/+0 flail (5)]
  2610 | D:4      | Killed from afar by an orc priest

Illustrated notes

Levels and vault maps discovered:
D:1:      psy_arrival_spokes, layout_basic, hellmonk_ecumenical_altar_lost_god,
          minmay_misc_feat_secret_circle, minmay_parallelograms
D:2:      layout_rooms, grunt_ministairs_2, uniq_natasha
D:3:      layout_basic, minmay_gold_behind_fungi, minmay_cut_off
D:4:      layout_basic, mainiacjoe_overflow_surrounded_room,
          gammafunk_temple_overflow_forgotten

Skill      XL: |  1  2  3  4  5  6 |
---------------+-------------------+-----
Earth Magic    | 1 2 3 |  3.2
Armour         | 4 |  4.5
Shields        | 5 |  5.7
Axes           | 3 |  3.4
Fighting       | |  3.2

Action                   |  1- 3 |  4- 6 || total
-------------------------+-------+-------++-------
Melee: War axe           |    66 |   108 ||   174
  Use: Potion            |       |     2 ||     2
Armor: Scale mail        |    38 |    41 ||    79
Dodge: Dodged            |    21 |    34 ||    55
Block: Tower shield      |    55 |    71 ||   126
